 Dungeon Crawl Stone Soup version 0.30.1-9-gdf580d7c3d (webtiles) character file.

Game seed: 15210738765101010660

81 Ivernyr the Shield-Bearer (level 4, -11/37 HPs)
             Began as a Formicid Fighter on Oct 9, 2023.
             Killed from afar by Jessica (14 damage)
             ... with a bolt of light
             ... on level 3 of the Dungeon.
             The game lasted 00:03:37 (1789 turns).

Ivernyr the Shield-Bearer (Formicid Fighter)        Turns: 1789, Time: 00:03:37

Health: -11/37     AC: 10    Str: 23    XL:     4   Next: 68%
Magic:  4/4        EV: 14    Int:  7    God:
Gold:   129        SH:  5    Dex: 15    Spells: 3/3 levels left

rFire   . . .        a - +0 war axe
rCold   . . .        c - +0 buckler
rNeg    . . .        b - +0 scale mail
rPois   .            (helmet unavailable)
rElec   +            j - +2 cloak
rCorr   .            (no gloves)
SInv    +            (no boots)
Will    +....        (no amulet) Stlth
                     m - ring "Saasch" {rElec EV+5 Dex+2 SInv}
HPRegen 0.26/turn    f - ring of willpower
MPRegen 0.09/turn

%: no passive effects
@: no status effects
A: permanent stasis, dig shafts and tunnels, antennae 3, four strong arms
a: Dig, Shaft Self


You were on level 3 of the Dungeon.
You visited 1 branch of the dungeon, and saw 3 of its levels.

You collected 129 gold pieces.

Inventory:

Hand Weapons
 a - a +0 war axe (weapon)
Armour
 b - a +0 scale mail (worn)
 c - a +0 buckler (worn)
 j - a +2 cloak (worn)
Jewellery
 f - a ring of willpower (right hand)
 m - the ring "Saasch" (left hand) {rElec EV+5 Dex+2 SInv}
   (You found it on level 2 of the Dungeon)

   [ring of evasion]

   EV:        It affects your evasion (+5).
   Dex:       It affects your dexterity (+2).
   rElec:     It insulates you from electricity.
   SInv:      It lets you see invisible.
Scrolls
 e - 2 scrolls of identify {unknown}
 g - a scroll of enchant weapon {unknown}
 h - a scroll of poison {unknown}
 i - a scroll of fog {unknown}
Potions
 d - 2 potions of might
 k - 2 potions of invisibility {unknown}


   Skills:
 + Level 3.8 Fighting
 * Level 3.2 Axes
 + Level 3.8 Armour
 + Level 4.6 Shields


You had 3 spell levels left.
You didn't know any spells.
Your spell library was empty.

Dungeon Overview and Level Annotations

Branches:
Dungeon (3/15)

Altars:
Fedhas

Annotations:
D:3 Jessica


Innate Abilities, Weirdness & Mutations

You cannot be hasted, slowed, berserked, paralysed or teleported.
You can dig through walls and to a lower floor.
You have a pair of large antennae on your head. (SInv)
Your four strong arms can wield two-handed weapons with a shield.


Message History

a +0 club; a +0 leather armour; a goblin skeleton
There is a stone staircase leading down here.
You climb downwards.
You sense a monster nearby.
Found 5 stones.
There is a stone staircase leading up here.
Found a stone staircase leading down.
You sense a monster nearby.
A worm comes into view.
The worm bites you but does no damage.
You hit the worm.
The worm is heavily wounded.
The worm barely misses you.
You hit the worm.
The worm is heavily wounded.
The worm barely misses you.
You slash the worm!
The worm is almost dead.
You slash the worm!
You kill the worm!
You sense a monster nearby.
e - 2 scrolls labelled HITROU YFILEXOSH (gained 1) Jessica the Apprentice Sorceress comes into view.
She is wielding a +0 dagger and carrying a wand of light (10).
Jessica shouts!
Jessica zaps a wand.
The bolt of light hits you.
Jessica gestures wildly while chanting.
Jessica blinks!
Jessica gestures wildly while chanting.
Jessica blinks!
Jessica points at you and mumbles some strange words.
Pain shoots through your body!
Jessica zaps a wand.
The bolt of light hits you!
You are confused.
Jessica zaps a wand.
The bolt of light hits you.
You bump into the rock wall.
You feel less confused.
Jessica zaps a wand.
The bolt of light hits you!
* * * LOW HITPOINT WARNING * * *
You barely miss Jessica.
Jessica zaps a wand.
The bolt of light hits you!
You die...

#.# #.......#
#. #.#
##.######
#.####.####.#
##..........>#
........######
##.#.###.##
#..#
##.######.
#.@# #........
##@##
##.#######
##.###.##
##...## #####


You could see Jessica.

Vanquished Creatures
  Robin (D:2)
  A worm (D:3)
  4 orcs (D:2)
  9 ball pythons
  3 endoplasms (D:1)
  3 giant cockroaches
  13 goblins
  7 hobgoblins
  3 quokkas (D:1)
  3 bats
  3 frilled lizards
  4 kobolds
  5 rats
59 creatures vanquished.

Notes
Turn   | Place    | Note
-------+----------+-------------------------------------------
     0 | D:1      | Ivernyr the Formicid Fighter began the quest for the Orb.
     0 | D:1      | Reached XP level 1. HP: 18/18 MP: 1/1
    72 | D:1      | Reached XP level 2. HP: 20/24 MP: 2/2
   250 | D:1      | Reached XP level 3. HP: 29/29 MP: 3/3
   965 | D:2      | Found a blossoming altar of Fedhas.
  1139 | D:2      | Reached XP level 4. HP: 30/37 MP: 4/4
  1243 | D:2      | Noticed Robin
  1267 | D:2      | Killed Robin
  1461 | D:2      | Identified the ring "Saasch" {rElec EV+5 Dex+2 SInv}
  1780 | D:3      | Noticed Jessica
  1789 | D:3      | Killed from afar by Jessica

Illustrated notes

Levels and vault maps discovered:
D:1:      dpeg_arrival_arbitrary_a, layout_loops_ring, corner_web_ring,
          palyth_stone_intersect
D:2:      layout_basic, basic_altar, uniq_robin
D:3:      layout_loops_ring, uniq_grinder, uniq_natasha, uniq_jessica

Skill      XL: |  1  2  3  4 |
---------------+-------------+-----
Axes           | 3 |  3.2
Fighting       | |  3.8
Armour         | |  3.8
Shields        | |  4.6

Action                     |  1- 3 |  4- 6 || total
---------------------------+-------+-------++-------
  Melee: War axe           |   110 |    40 ||   150
 Armour: Scale mail        |    47 |    19 ||    66
  Dodge: Dodged            |    50 |    15 ||    65
  Block: Buckler           |    44 |     9 ||    53
